 Dungeon Crawl Stone Soup version 0.29.1-1-gd02db6906a (webtiles) character file.

Game seed: 6313120412278078720

42 Sanktem7 the Trooper (level 3, 0/34 HPs)
             Began as a Minotaur Berserker on Oct 1, 2022.
             Was a Believer of Trog.
             Constricted to death by a ball python (1 damage)
             ... on level 2 of the Dungeon.
             The game lasted 00:01:53 (979 turns).

Sanktem7 the Trooper (Minotaur Berserker)            Turns: 979, Time: 00:01:54

Health: 0/34       AC:  2    Str: 23    XL:     3   Next: 35%
Magic:  2/2        EV:  9    Int:  4    God:    Trog [**....]
Gold:   43         SH:  0    Dex:  9    Spells: 2/2 levels left

rFire   . . .      SeeInvis .   a - +0 hand axe {axe}
rCold   . . .      Faith    .   (no shield)
rNeg    . . .      Spirit   .   b - +0 animal skin
rPois   .          Reflect  .   (helmet restricted)
rElec   .          Harm     .   (no cloak)
rCorr   .          Rampage  .   (no gloves)
Will    .....                   (no boots)
Stlth   +.........              (no amulet)
HPRegen 0.11/turn               (no ring)
MPRegen 0.08/turn               (no ring)

@: lethally poisoned (0 -> -3), constricted
A: horns 2, retaliatory headbutt
a: Renounce Religion, Berserk, Trog's Hand


You were on level 2 of the Dungeon.
You worshipped Trog.
Trog was pleased with you.
You visited 1 branch of the dungeon, and saw 2 of its levels.

You collected 43 gold pieces.


Innate Abilities, Weirdness & Mutations

You have a pair of horns on your head.
You reflexively headbutt those who attack you in melee.


   Skills:
 * Level 4.6 Fighting
 * Level 4.6 Axes
 - Level 2.4 Armour
 - Level 2.1 Dodging


You had 2 spell levels left.
You didn't know any spells.
Your spell library was empty.

Inventory:

Hand Weapons
 a - a +0 hand axe (weapon) {axe}
Missiles
 d - 3 boomerangs (quivered) {throwing}
 h - 15 stones {throwing}
Armour
 b - a +0 animal skin (worn)
 i - a +0 robe
   (You found it on level 1 of the Dungeon)
Scrolls
 c - 2 scrolls of identify {unknown}
 e - a scroll of enchant weapon {unknown}
 f - a scroll of teleportation {unknown}
 g - a scroll of acquirement {unknown}
Potions
 j - a potion of curing {unknown}
 k - a potion of heal wounds {unknown}
 l - a potion of ambrosia {unknown}
 m - a potion of degeneration {unknown}
 n - a potion of might {unknown}

Dungeon Overview and Level Annotations

Branches:
Dungeon (2/15) Zot: 11006

Altars:
Makhleb

..####......
...........
...........
..........
_........#
.........#
.....>...#
#...KSS#
#....@<#
#.....##
#......
......####
######


You could see an adder, a ball python and a kobold.


Message History

You are too injured to fight recklessly!
You are too injured to fight recklessly!
You are too injured to fight recklessly!
You are too injured to fight recklessly!
You completely miss the jackal. You hit the ball python.
You kill the ball python!
Trog accepts your kill.
The jackal bites you but does no damage.
An adder comes into view.
The jackal bites you.
You have reached level 3!
Your experience leads to an increase in your attributes!
Increase (S)trength, (I)ntelligence, or (D)exterity?
You feel stronger. x2 😮 HP[+2] MP[+1]
You now have 34 max hp (+6).
You regained 2 hp, and now have 21/34 hp.
Your mp is fully restored (2).
The adder hisses angrily.
You hit the jackal but do no damage. The jackal closely misses you.
You closely miss the jackal. You headbutt the jackal.
You kill the jackal!
Trog accepts your kill.
You hit the endoplasm but do no damage. The endoplasm freezes you.
You are frozen.
A ball python comes into view.
The adder bites you but does no damage. 😮 HP[-2]
You take 2 damage, and now have 19/34 hp.
You slash the adder! Your headbutt misses the adder.
You barely miss the endoplasm.
The endoplasm hits you but does no damage.
The adder bites you but does no damage.
You hit the adder. You hit the endoplasm. The adder completely misses you.
You furiously retaliate!
You headbutt the adder!
You kill the adder!
Trog accepts your kill. The endoplasm hits you. 😮 HP[-1]
You take 1 damage, and now have 18/34 hp.
The hobgoblin attacks as you move away!
The hobgoblin closely misses you. 😮 HP[+1]
You hit the endoplasm.
You kill the endoplasm!
Trog accepts your kill.
You hit the hobgoblin. The hobgoblin closely misses you.
A kobold comes into view. It is wielding a +0 dagger.
The kobold shouts!
You hit the adder. Your headbutt misses the adder.
You closely miss the hobgoblin. The hobgoblin hits you.
* * * LOW HITPOINT WARNING * * *
The adder bites you.
* * * LOW HITPOINT WARNING * * *
😨 HP[-5]
You take 5 damage, and now have 14/34 hp.
You barely miss the adder. Your headbutt misses the adder.
You hit the hobgoblin. The adder bites you.
* * * LOW HITPOINT WARNING * * *
The hobgoblin hits you.
* * * LOW HITPOINT WARNING * * *
The adder closely misses you.
The hobgoblin hits you but does no damage. 😨 HP[-3]
You take 3 damage, and now have 11/34 hp.
You closely miss the adder. You hit the hobgoblin.
You kill the hobgoblin!
Trog accepts your kill.
You hit the ball python. The ball python bites you.
* * * LOW HITPOINT WARNING * * *
The ball python completely misses you. The adder bites you but does no damage.
The ball python bites you.
* * * LOW HITPOINT WARNING * * *
The ball python grabs you.
The ball python constricts you. 😱 HP[-3]
You take 3 damage, and now have 8/34 hp.
You barely miss the adder. Your headbutt misses the adder.
You barely miss the ball python. The adder bites you.
* * * LOW HITPOINT WARNING * * *
You are poisoned.
The adder poisons you! The ball python bites you.
* * * LOW HITPOINT WARNING * * *
The ball python constricts you. The adder bites you.
* * * LOW HITPOINT WARNING * * *
😱 HP[-4]
You take 4 damage, and now have 4/34 hp.
You completely miss the adder. Your headbutt misses the adder.
You barely miss the ball python.
* * * LOW HITPOINT WARNING * * *
You feel sick. The ball python barely misses you.
The ball python constricts you.
The adder bites you but does no damage. 😱 HP[-2]
You take 2 damage, and now have 2/34 hp.
You miss the adder. You closely miss the ball python.
You barely miss the kobold.
* * * LOW HITPOINT WARNING * * *
You feel sick. The ball python closely misses you.
The ball python constricts you.
You die...

Skill      XL: |  1 |
---------------+----+-----
Fighting       | 4 |  4.6
Axes           | 4 |  4.6
Armour         | |  2.4
Dodging        | |  2.1

Action                   || total
-------------------------++-------
Melee: Hand axe          ||    52
       Headbutt          ||     5
Armor: Animal skin       ||    11
Dodge: Dodged            ||    43

Levels and vault maps discovered:
D:1:      erik_arrival_blinker_ship, layout_basic,
          shapermc_ecumenical_altar_hornbeckon, minmay_misc_feat_diagonals,
          nicolae_kite_square_tiling_tiny
D:2:      layout_basic, basic_altar, minmay_small_reverse_x

Notes
Turn   | Place    | Note
-------+----------+-------------------------------------------
     0 | D:1      | Sanktem7 the Minotaur Berserker began the quest for the
                  | Orb.
     0 | D:1      | Reached XP level 1. HP: 19/19 MP: 0/0
     0 | D:1      | magus.rc [v1.9.6]
   251 | D:1      | Reached skill level 4 in Fighting
   251 | D:1      | Reached skill level 4 in Axes
   252 | D:1      | Reached XP level 2. HP: 27/27 MP: 1/1
   545 | D:1      | Found a faded altar of an unknown god.
   603 | D:1      | Reached ** piety under Trog
   963 | D:2      | Found a burning altar of Makhleb.
   968 | D:2      | Reached XP level 3. HP: 21/34 MP: 2/2
   976 | D:2      | HP: 8/34 [ball python (2)]
   978 | D:2      | HP: 2/34 [poisoned by an adder]
   979 | D:2      | Constricted to death by a ball python

Vanquished Creatures
  An adder (D:2)
  A dart slug (D:1)
  5 ball pythons
  3 bats (D:1)
  2 endoplasms
  A giant cockroach (D:1)
  2 goblins (D:1)
  2 hobgoblins
  4 jackals (D:2)
  2 frilled lizards (D:1)
  A kobold (D:1)
  8 rats (D:1)
32 creatures vanquished.

Vanquished Creatures (others)
  A plant (D:1)
1 creature vanquished.

Grand Total: 33 creatures vanquished

Table legend:
 A = Non-vault XP
 B = Vault XP
 C = Vault XP percentage of total XP
 D = Non-vault monster count
 E = Vault monster count
 F = Vault count percentage of total count
                 A         B        C        D         E       F
            +---------+---------+-------+---------+---------+-------
      Total |      61 |       0 |   0.0 |      32 |       0 |   0.0
            +---------+---------+-------+---------+---------+-------
        D:1 |      33 |       0 |   0.0 |      23 |       0 |   0.0
        D:2 |      28 |       0 |   0.0 |       9 |       0 |   0.0
            +---------+---------+-------+---------+---------+-------

Illustrated notes

Table legend:
 A = Kills in this place as a percentage of kills in entire the game.
 B = Kills by you in this place as a percentage of kills by you in the entire game.
 C = Kills by friends in this place as a percentage of kills by friends in the entire game.
 D = Other kills in this place as a percentage of other kills in the entire game.
 E = Experience gained in this place as a percentage of experience gained in the entire game.
 F = Experience gained in this place divided by the number of levels of this place that you have seen.
                   A       B       C       D       E      F
               +-------+-------+-------+-------+-------+----------------------
         Total | 100.0 | 100.0 |   N/A |   N/A | 100.0 |  30.5
       Dungeon | 100.0 | 100.0 |   N/A |   N/A | 100.0 |  30.5
               +-------+-------+-------+-------+-------+----------------------

Table legend: (Time is in decaauts)
 A = Elapsed time spent in this place.
 B = Non-inter-level travel time spent in this place.
 C = Inter-level travel time spent in this place.
 D = Time resting spent in this place.
 E = Time spent auto-exploring this place.
 F = Levels seen in this place.
 G = Mean time per level.
                   A        B        C        D        E       F      G
               +--------+--------+--------+--------+--------+-----+--------+
         Total |    992 |    968 |     24 |      0 |    829 |   2 |  496.0 |
       Dungeon |    992 |    968 |     24 |      0 |    829 |   2 |  496.0 |
               +--------+--------+--------+--------+--------+-----+--------+

Top non-repeatable levels by time:
     D:1: 974 daAuts
     D:2: 18 daAuts
